 Dungeon Crawl Stone Soup version 0.30-a0-722-g3e6e8c874d (webtiles) character file.

Game seed: 4960698862183368559

80 Alitron123 the Cudgeller (level 4, -6/28 HPs)
             Began as a Gargoyle Berserker on Jan 28, 2023.
             Was a Follower of Trog.
             Mangled by a worm (8 damage)
             ... on level 2 of the Dungeon.
             The game lasted 00:01:48 (882 turns).

Alitron123 the Cudgeller (Gargoyle Berserker)        Turns: 882, Time: 00:01:49

Health: -6/28      AC: 16    Str: 22    XL:     4   Next: 39%
Magic:  1/1        EV:  8    Int:  8    God:    Trog [*.....]
Gold:   100        SH:  0    Dex:  9    Spells: 3/3 levels left

rFire   . . .      SeeInvis .    k - +2 falchion (antimagic)
rCold   + . .      Faith    .    (no shield)
rNeg    + . .      Spirit   .    l - +4 chain mail {rPois}
rPois   ∞          Reflect  .    (no helmet)
rElec   +          Harm     .    (no cloak)
rCorr   .          Rampage  .    (no gloves)
Will    .....                    (no boots) Stlth
                                 (no amulet)
HPRegen 0.24/turn                c - ring of protection from cold
MPRegen 0.07/turn                (no ring)

@: on berserk cooldown, slowed, very slow
A: sickness immunity, AC +3, negative energy resistance 1, electricity
resistance, torment resistance 1, petrification resistance
a: Renounce Religion, Berserk


You were on level 2 of the Dungeon.
You worshipped Trog.
Trog was aware of your devotion.
You visited 1 branch of the dungeon, and saw 2 of its levels.

You collected 100 gold pieces.

Inventory:

Hand Weapons
 k - a +2 antimagic falchion (weapon)
Armour
 l - a +4 chain mail of poison resistance (worn)
Jewellery
 c - a ring of protection from cold (left hand)
Scrolls
 d - a scroll of poison {unknown}
 g - a scroll of fog {unknown}
 h - a scroll of teleportation {unknown}
 i - a scroll of blinking {unknown}
Potions
 e - 2 potions of curing {unknown}
 f - a potion of brilliance {unknown}


   Skills:
 + Level 3.5 Fighting
 + Level 0.2 Long Blades
 + Level 3.7 Maces & Flails
 + Level 3.6 Armour
 + Level 1.9 Dodging


You had 3 spell levels left.
You didn't know any spells.
Your spell library was empty.

Dungeon Overview and Level Annotations

Branches:
Dungeon (2/15)

Altars:


Innate Abilities, Weirdness & Mutations

You are immune to sickness and miasma.
Your stone body is resilient. (AC +3)
You are immune to poison.
You resist negative energy. (rN+)
You are resistant to electric shocks. (rElec)
You are resistant to unholy torment.
You are immune to petrification.


Message History

Jessica falters for a moment.
The worm barely misses you. Jessica hits you with a +0 dagger.
You hit Jessica but do no damage.
Jessica is heavily wounded.
Jessica hits you but does no damage. The worm closely misses you.
Jessica falters for a moment.
You closely miss Jessica.
Jessica is heavily wounded.
Jessica grins evilly.
Jessica hits you but does no damage. The worm barely misses you.
Jessica falters for a moment.
You slash Jessica!
You kill Jessica!
Trog accepts your kill.
Trog appreciates your killing of a magic user.
The worm bites you. The worm bites you but does no damage.
You have reached level 4!
You feel clever.
You hit the worm but do no damage. The worm bites you.
* * * LOW HITPOINT WARNING * * *
You hit the worm.
The worm is lightly wounded.
The worm bites you but does no damage.
You hit the worm.
The worm is moderately wounded.
The worm bites you but does no damage.
You hit the worm.
The worm is heavily wounded.
The worm barely misses you.
You hit the worm but do no damage.
The worm is heavily wounded.
The worm closely misses you.
You hit the worm but do no damage.
The worm is moderately wounded.
The worm bites you.
* * * LOW HITPOINT WARNING * * *
You barely miss the worm.
The worm is moderately wounded.
The worm bites you but does no damage. The worm bites you!
You die...

+## ## ..... .. .....
. # .... .######'#
#'####........ #
#............. ######.
#.....@)......
#......##...).w.......
........>..†.........
....................
.#.###............. #.
#.........#.....## #..
#.#.#.....#<##### ..^
.. #.#.....#.#
#.#.#####.#.....#


You could see a worm.

Vanquished Creatures
  Jessica (D:2)
  Terence (D:2)
  A worm (D:2)
  2 endoplasms (D:1)
  A giant cockroach (D:1)
  A goblin (D:1)
  3 hobgoblins
  2 jackals (D:1)
  3 kobolds
  A quokka (D:2)
  3 ball pythons
  5 bats
  2 frilled lizards (D:1)
  5 rats
31 creatures vanquished.

Notes
Turn   | Place    | Note
-------+----------+-------------------------------------------
     0 | D:1      | Alitron123 the Gargoyle Berserker began the quest for the
                  | Orb.
     0 | D:1      | Reached XP level 1. HP: 14/14 MP: 1/1
   120 | D:1      | Reached XP level 2. HP: 19/19 MP: 2/2
   708 | D:2      | Identified the +0 leather armour of Darav {rPois}
   708 | D:2      | Noticed Terence
   719 | D:2      | Reached XP level 3. HP: 22/23 MP: 3/3
   733 | D:2      | Killed Terence
   867 | D:2      | Noticed Jessica
   875 | D:2      | Killed Jessica
   876 | D:2      | Reached XP level 4. HP: 8/28 MP: 1/4
   881 | D:2      | HP: 1/28 [worm (5)]
   882 | D:2      | Mangled by a worm

Illustrated notes

Levels and vault maps discovered:
D:1:      giann_horns, layout_basic
D:2:      layout_basic, basic_altar, uniq_jessica, uniq_terence

Skill      XL: |  1  2  3 |
---------------+----------+-----
Armour         | 3 |  3.6
Fighting       | |  3.5
Long Blades    | |  0.2
Maces & Flails | |  3.7
Dodging        | |  1.9

Action                     |  1- 3 |  4- 6 || total
---------------------------+-------+-------++-------
  Melee: Mace              |    89 |       ||    89
         Punch             |     1 |       ||     1
         Falchion          |    19 |     7 ||    26
 Invoke: Berserk           |     1 |       ||     1
 Armour: Animal skin       |    15 |       ||    15
         Ring mail         |    31 |       ||    31
         Plate armour      |    18 |       ||    18
         Chain mail        |    15 |     3 ||    18
  Dodge: Dodged            |    77 |     2 ||    79

Table legend: (Time is in decaauts)
 A = Elapsed time spent in this place.
 B = Non-inter-level travel time spent in this place.
 C = Inter-level travel time spent in this place.
 D = Time resting spent in this place.
 E = Time spent auto-exploring this place.
 F = Levels seen in this place.
 G = Mean time per level.
                   A        B        C        D        E       F      G
               +--------+--------+--------+--------+--------+-----+--------+
         Total |    914 |    848 |     66 |      0 |    565 |   2 |  457.0 |
       Dungeon |    914 |    848 |     66 |      0 |    565 |   2 |  457.0 |
               +--------+--------+--------+--------+--------+-----+--------+

Top non-repeatable levels by time:
     D:1: 696 daAuts
     D:2: 218 daAuts
